 Dungeon Crawl Stone Soup version 0.32-a0-933-ga8fa3634e4 (webtiles) character file.

Game seed: 10164461291111157307

16968 Torious the Nimble (level 12, -9/60 HPs)
             Began as a Deep Elf Conjurer on Apr 14, 2024.
             Was a Believer of Sif Muna.
             Mangled by a death yak (25 damage)
             ... on level 2 of the Lair of Beasts.
             The game lasted 00:31:19 (9514 turns).

Torious the Nimble (Deep Elf Conjurer)              Turns: 9514, Time: 00:31:19

Health: -9/60      AC: 10    Str:  4    XL:     12   Next: 14%
Magic:  7/26       EV: 17    Int: 29    God:    Sif Muna [**....]
Gold:   388        SH:  0    Dex: 13    Spells: 13/27 levels left

rFire   . . .        w - +0 hand axe (venom)
rCold   . . .        (no shield)
rNeg    . . .        F - +0 steam dragon scales
rPois   .            H - +1 hat
rElec   .            C - +0 cloak
rCorr   .            g - +0 pair of gloves
SInv    +            B - +1 pair of boots {rampage}
Will    +....        A - amulet of the acrobat
Stlth   ++           G - +4 ring of slaying
HPRegen 0.30/turn    S - ring of see invisible
MPRegen 0.20/turn

%: acrobat, rampage
@: channelling
A: no striking features
a: Renounce Religion, Channel Magic


You were on level 2 of the Lair of Beasts.
You worshipped Sif Muna.
Sif Muna was pleased with you.
You visited 3 branches of the dungeon, and saw 12 of its levels.

You collected 460 gold pieces.
You spent 72 gold pieces at shops.

Inventory:

Hand Weapons
 w - a +0 hand axe of venom (weapon)
Armour
 g - a +0 pair of gloves (worn)
 B - a +1 pair of boots of rampaging (worn)
 C - a +0 cloak (worn)
 F - +0 steam dragon scales (worn)
 H - a +1 hat (worn)
Jewellery
 n - the ring "Vehuamesh" {rPois rF+ Str+6 Stlth-}
   (You took it off a kobold on level 2 of the Dungeon)

   [ring of strength]

   Str+6:     It affects your strength (+6).
   rF+:       It protects you from fire.
   rPois:     It protects you from poison.
   Stlth-:    It makes you less stealthy.
 v - a +6 ring of strength
 A - an amulet of the acrobat (around neck)
 G - a +4 ring of slaying (left hand)
 R - an amulet of regeneration
 S - a ring of see invisible (right hand)
Wands
 j - a wand of digging (7)
 q - a wand of flame (22)
 y - a wand of polymorph (13)
Scrolls
 e - a scroll of torment
 f - 12 scrolls of teleportation
 k - 3 scrolls of revelation {!r}
 o - 2 scrolls of fear
 r - a scroll of butterflies
 s - a scroll of amnesia
 t - a scroll of vulnerability {unknown}
 u - 2 scrolls of enchant weapon
 x - a scroll of enchant armour
 D - 2 scrolls of poison
Potions
 a - 5 potions of heal wounds {unknown}
 b - 2 potions of magic
 c - 2 potions of mutation {unknown}
 d - a potion of invisibility
 h - 8 potions of curing
 i - 3 potions of might {unknown}
 l - 3 potions of haste {unknown}
 m - a potion of degeneration {unknown}
 p - a potion of ambrosia {unknown}
 z - a potion of enlightenment {unknown}
 E - a potion of cancellation {unknown}


   Skills:
 - Level 1.0 Fighting
 + Level 14.3 Dodging
 - Level 4.0 Stealth
 - Level 8.0 Spellcasting
 + Level 14.0 Conjurations
 - Level 4.0 Alchemy
 - Level 8.0 Invocations


You had 13 spell levels left.
You knew the following spells:

 Your Spells              Type           Power      Damage    Failure   Level
a - Magic Dart            Conj           100%       1d8       0%          1
b - Searing Ray           Conj           100%       2d8       1%          2
d - Iskenderun's Mystic   Conj/Tloc      51%        2d11      (+2d62%     4
e - Fulminant Prism       Conj/Alch      29%        3d14      1%          4
n - Swiftness             Air            11%        N/A       14%         3

Your spell library contained the following spells:

 Spells                   Type           Power      Damage    Failure   Level
 Stone Arrow              Conj/Erth      100%       3d13      1%          3
 Brom's Barrelling Bould  Conj/Erth      51%        2d7       2%          4
 Irradiate                Conj/Alch      29%        3d21      3%          5
 Sandblast                Erth           22%        2d7       4%          1
 Ensorcelled Hibernation  Hex/Ice        22%        N/A       7%          2
 Inner Flame              Hex/Fire       11%        N/A       14%         3
 Passwall                 Erth           11%        N/A       14%         3
 Tukima's Dance           Hex            11%        N/A       14%         3
 Animate Armour           Summ/Erth      22%        N/A       41%         4
 Passage of Golubria      Tloc           11%        N/A       41%         4
 Summon Lightning Spire   Summ/Air       11%        N/A       41%         4
 Yara's Violent Unravell  Hex/Alch       11%        3d6       50%         5
 Lee's Rapid Deconstruct  Erth           5%         3d6*      77%         5
 Haunt                    Necr/Summ      5%         N/A       100%        7
 Borgnjor's Revivificati  Necr           5%         N/A       100%        8
 Ignition                 Fire           5%         3d4       100%        8
 Death's Door             Necr           5%         N/A       100%        9


Dungeon Overview and Level Annotations

Branches:
Dungeon (9/15)             Temple (1/1) D:6            Lair (2/5) D:8
  Swamp: Lair:2-3    Shoals: Lair:2-3     Snake: Lair:2-3    Spider: Lair:2-3
    Orc: D:9-12

Altars:
Ashenzari
Cheibriados
Dithmenos
Elyvilon
Fedhas
Gozag
Hepliaklqana
Kikubaaqudgha
Makhleb
Nemelex Xobeh
Okawaru
Qazlal
Ru
Sif Muna
Trog
Uskayaw
Vehumet
Wu Jian
Xom
Yredelemnul
Zin
The Shining One

Shops:
D:4 !   D:6 ?

Annotations:
D:9 1 runed translucent door, Xoff's ghost, journeyman GnCj
Lair:2 Nergalle


Message History

Casting: Fulminant Prism (dangerous; 1% risk of failure)
Confirm with . or Enter, or press ? or * to list all spells.
You erupt in a blast of force!
The mystic blast hits the death yak.
The death yak is severely wounded.
The death yak is knocked back by the mystic blast.
The death yak collides with the black mamba!
The black mamba is moderately wounded.
The death yak is severely wounded.
The mystic blast hits the death yak.
The death yak is almost dead.
The death yak is knocked back by the mystic blast.
The death yak slams into the rock wall.
You kill the death yak!
Sif Muna accepts your kill.
Unknown command.
Unknown command.
Casting: Iskenderun's Mystic Blast (dangerous; 2% risk of failure)
Confirm with . or Enter, or press ? or * to list all spells.
You erupt in a blast of force!
The mystic blast hits the black mamba!
The black mamba is severely wounded.
The black mamba is knocked back by the mystic blast.
The black mamba slams into the rock wall.
The black mamba is almost dead.
The mystic blast hits the death yak!!
You kill the death yak!
Sif Muna accepts your kill.
The mystic blast hits the death yak!
The death yak is almost dead.
The death yak is knocked back by the mystic blast.
The death yak collides with the black mamba.
You kill the black mamba!
Sif Muna accepts your kill.
The death yak is almost dead.
The death yak gores you.
* * * LOW HITPOINT WARNING * * *
Your Conjurations skill increases to level 14!
Unknown command.
Unknown command.
The death yak gores you!!
You die...

###### ## ##..P##P####
............
............ #......####
P......# .......## ###
........## #####@# .
P......#.###.##Y####....
............†.SY†.......
P............#.†Y.......
..........†.......Y.....
.............#..........
.................YY.....
P...P###.#P.............
.... ..............#...


You could see 2 death yaks and a water moccasin.

Vanquished Creatures
  3 two-headed ogres
  4 death yaks
  Pikel (D:5)
  A black mamba (Lair:2)
  7 cane toads
  A torpor snail (Lair:1)
  A komodo dragon (Lair:1)
  A troll (D:6)
  5 blink frogs (Lair:1)
  Grinder (D:5)
  A wraith (D:9)
  Eustachio (D:5)
  6 wyverns
  10 yaks
  A basilisk (D:8)
  2 steam dragons
  Menkaure (D:5)
  8 water moccasins
  2 orc warriors
  3 black bears (D:8)
  2 ice beasts
  2 ogres
  11 wolves
  A centaur (D:8)
  A lemure (D:5)
  2 phantoms
  6 bullfrogs
  A kobold brigand (D:7)
  7 gnoll sergeants
  2 scorpions
  Blork the orc (D:6)
  3 howler monkeys
  3 bombardier beetles
  4 orc priests
  3 jellies
  Crazy Yiuf (D:3)
  A gnoll bouda (D:8)
  2 hounds
  5 iguanas
  2 sleepcaps
  Terence (D:3)
  Ijyb (D:3)
  5 orc wizards
  Robin (D:3)
  37 gnolls
  7 adders
  A white imp (D:6)
  3 dart slugs
  4 ribbon worms
  27 orcs
  4 ball pythons
  10 endoplasms
  4 giant cockroaches
  7 goblins
  19 hobgoblins
  17 kobolds
  3 quokkas
  5 bats
  6 rats
282 creatures vanquished.

Vanquished Creatures (others)
  108 fulminant prisms
108 creatures vanquished.

Grand Total: 390 creatures vanquished

Notes
Turn   | Place    | Note
-------+----------+-------------------------------------------
     0 | D:1      | Torious the Deep Elf Conjurer began the quest for the Orb.
     0 | D:1      | Reached XP level 1. HP: 10/10 MP: 6/6
   477 | D:1      | Reached XP level 2. HP: 15/15 MP: 5/8
   482 | D:1      | Learned a level 2 spell: Searing Ray
   903 | D:2      | Found a shadowy altar of Dithmenos.
  1089 | D:2      | Reached skill level 5 in Conjurations
  1089 | D:2      | Reached skill level 1 in Alchemy
  1089 | D:2      | Reached XP level 3. HP: 19/19 MP: 3/10
  1258 | D:2      | Identified the ring "Vehuamesh" {rPois rF+ Str+6 Stlth-}
  1472 | D:3      | Reached XP level 4. HP: 24/24 MP: 4/12
  1484 | D:2      | Learned a level 4 spell: Fulminant Prism
  1489 | D:2      | Learned a level 4 spell: Iskenderun's Mystic Blast
  1561 | D:3      | Noticed Terence
  1574 | D:3      | Noticed Robin
  1582 | D:3      | Killed Robin
  1766 | D:3      | Found a runed translucent door.
  1810 | D:3      | Reached XP level 5. HP: 28/28 MP: 7/13
  2251 | D:3      | Reached XP level 6. HP: 32/32 MP: 5/14
  2298 | D:3      | Noticed Ijyb
  3163 | D:4      | Found Syjinatz's Distillery.
  3225 | D:4      | Reached skill level 5 in Dodging
  3225 | D:4      | Reached XP level 7. HP: 36/36 MP: 2/15
  3406 | D:5      | Entered Level 5 of the Dungeon
  3703 | D:5      | Noticed Grinder
  3710 | D:5      | Killed Grinder
  3838 | D:5      | Reached XP level 8. HP: 41/41 MP: 1/16
  3843 | D:5      | Learned a level 3 spell: Swiftness
  3866 | D:5      | Noticed Eustachio
  3893 | D:5      | Noticed Pikel
  3952 | D:5      | Killed Pikel
  3953 | D:5      | Reached skill level 5 in Spellcasting
  4154 | D:5      | Killed Eustachio
  4392 | D:5      | Found a burning altar of Makhleb.
  4392 | D:5      | Found an ancient bone altar of Kikubaaqudgha.
  4446 | D:5      | Noticed Menkaure
  4455 | D:5      | Killed Menkaure
  4804 | D:3      | Noticed Crazy Yiuf
  4811 | D:3      | Killed Crazy Yiuf
  4875 | D:3      | Killed Terence
  4929 | D:3      | Killed Ijyb
  5016 | D:6      | Reached XP level 9. HP: 46/46 MP: 16/20
  5029 | D:6      | Reached skill level 1 in Fighting
  5261 | D:6      | Noticed Blork the orc
  5262 | D:6      | Noticed a troll
  5321 | D:6      | Killed Blork the orc
  5324 | D:6      | Killed a troll
  5325 | D:6      | Reached skill level 10 in Conjurations
  5434 | D:6      | You fall into a shaft and drop 3 floors!
  5456 | D:8      | Noticed a two-headed ogre
  5465 | D:8      | Killed a two-headed ogre
  5466 | D:8      | Reached skill level 10 in Dodging
  5556 | D:6      | Found Ufexzonn's Magic Scroll Shop.
  5559 | D:6      | Bought a scroll of identify for 24 gold pieces
  5592 | D:6      | Found a radiant altar of Vehumet.
  5720 | D:6      | Found a shadowy altar of Dithmenos.
  5862 | D:6      | Found a staircase to the Ecumenical Temple.
  5871 | Temple   | Entered the Ecumenical Temple
  5884 | Temple   | Became a worshipper of Sif Muna the Loreminder
  6134 | D:7      | Reached skill level 1 in Invocations
  6134 | D:7      | Reached XP level 10. HP: 52/52 MP: 8/21
  6513 | D:8      | Noticed a two-headed ogre
  6591 | D:8      | Reached * piety under Sif Muna
  6747 | D:8      | Killed a two-headed ogre
  6822 | D:8      | Found a hide-covered altar of Uskayaw.
  6832 | D:8      | Found a staircase to the Lair.
  7008 | D:8      | Reached skill level 5 in Invocations
  7633 | D:6      | Bought 2 scrolls of identify for 48 gold pieces
  7928 | D:9      | Noticed a two-headed ogre
  7936 | D:9      | Killed a two-headed ogre
  7937 | D:9      | Reached XP level 11. HP: 56/56 MP: 0/22
  8085 | D:9      | Reached ** piety under Sif Muna
  8189 | D:9      | Found a runed translucent door.
  8190 | D:9      | Noticed Xoff's ghost (journeyman GnCj)
  8238 | D:9      | Found an ornate altar of the Wu Jian Council.
  8526 | Lair:1   | Entered Level 1 of the Lair of Beasts
  8538 | Lair:1   | Noticed a death yak
  8554 | Lair:1   | Noticed a death yak
  8556 | Lair:1   | Killed a death yak
  8568 | Lair:1   | Killed a death yak
  9392 | Lair:2   | Noticed Nergalle
  9493 | Lair:2   | Noticed a death yak
  9498 | Lair:2   | Noticed a death yak
  9498 | Lair:2   | Noticed a death yak
  9498 | Lair:2   | Noticed a death yak
  9498 | Lair:2   | Noticed a death yak
  9512 | Lair:2   | Reached XP level 12. HP: 19/60 MP: 10/26
  9512 | Lair:2   | Killed a death yak
  9513 | Lair:2   | Killed a death yak
  9514 | Lair:2   | Mangled by a death yak

Illustrated notes

Levels and vault maps discovered:
D:1:      co_arrival_two_rings, layout_loops_corners, chequers_jeans,
          minmay_crystal_room
D:2:      minmay_inner_zag, layout_rooms, basic_altar, grunt_ministairs_9
D:3:      cheibrodos_fertilizer, layout_basic, uniq_terence, uniq_robin,
          uniq_crazy_yiuf_cottage, uniq_ijyb
D:4:      kennysheep_big_flooded_room, layout_rooms, serial_shops,
          kennysheep_mini
D:5:      layout_layer_cave, mainiacjoe_overflow_divided_tiny, uniq_eustachio,
          uniq_pikel, uniq_grinder, uniq_menkaure
D:6:      layout_cave_pools, mainiacjoe_overflow_catwalk_spiral, temple_hall,
          serial_shops, nicolae_shop_behind_doors, uniq_blork_the_orc
D:7:      layout_loops_cross
D:8:      layout_loops_corners, lemuel_crystal_altar, minmay_lair_entry_grove,
          serial_rivers, chequers_serial_rivers_marsh,
          chequers_serial_rivers_marsh, chequers_serial_rivers_micro_c,
          chequers_serial_rivers_micro_a, chequers_serial_rivers_micro_e
D:9:      layout_roguey, nicolae_wu_jian_wuxing_cycle, gammafunk_ghost_grave
Temple:   regret_index_temple_sphere_string
Lair:1:   layout_hall_layers, lemuel_fruit_tree, grunt_megastairs_4
Lair:2:   layout_chaotic_city, shoals_dummy_entry, guppyfry_snake_entry_garden,
          ebering_ghost_inner_flame, serial_bayou_shore_b, serial_bayou_shore_b,
          uniq_nergalle

Skill      XL: |  1  2  3  4  5  6  7  8  9 10 11 12 |
---------------+-------------------------------------+-----
Conjurations   | 5 6 8 9 11 12 13 14 | 14.0
Alchemy        | 1 2 3 4 |  4.0
Spellcasting   | 4 6 8 |  8.0
Dodging        | 3 5 6 8 11 12 14 | 14.3
Stealth        | 3 4 |  4.0
Fighting       | 1 |  1.0
Invocations    | 1 5 8 |  8.0

Action                     |  1- 3 |  4- 6 |  7- 9 | 10-12 || total
---------------------------+-------+-------+-------+-------++-------
  Melee: Hand axe          |       |     2 |     3 |    23 ||    28
   Cast: Magic Dart        |    50 |    99 |    66 |    29 ||   244
         Searing Ray       |     2 |    20 |    21 |    28 ||    71
         Fulminant Prism   |       |       |    39 |    69 ||   108
         Iskenderun's Myst |       |       |     1 |    24 ||    25
 Invoke: Channel Magic     |       |       |       |     7 ||     7
    Use: Scroll            |       |       |     8 |     5 ||    13
         Potion            |       |       |     1 |       ||     1
   Stab: Sleeping          |       |     1 |     1 |     1 ||     3
 Armour: Robe              |     1 |     6 |    24 |     3 ||    34
         Steam dragon scal |       |       |       |    59 ||    59
  Dodge: Dodged            |     2 |    17 |    60 |   174 ||   253

Table legend: (Time is in decaauts)
 A = Elapsed time spent in this place.
 B = Non-inter-level travel time spent in this place.
 C = Inter-level travel time spent in this place.
 D = Time resting spent in this place.
 E = Time spent auto-exploring this place.
 F = Levels seen in this place.
 G = Mean time per level.
                   A        B        C        D        E       F      G
               +--------+--------+--------+--------+--------+-----+--------+
         Total |   9530 |   8844 |    686 |   1281 |   5570 |  12 |  794.2 |
       Dungeon |   8505 |   7868 |    637 |   1216 |   4967 |   9 |  945.0 |
        Temple |     26 |      2 |     24 |      0 |      0 |   1 |   26.0 |
          Lair |    998 |    973 |     25 |     65 |    603 |   2 |  499.0 |
               +--------+--------+--------+--------+--------+-----+--------+

Top non-repeatable levels by time:
     D:5: 1532 daAuts
     D:3: 1457 daAuts
     D:8: 1086 daAuts
     D:1: 902 daAuts
  Lair:1: 873 daAuts
     D:9: 797 daAuts
     D:6: 755 daAuts
     D:7: 714 daAuts
     D:4: 666 daAuts
     D:2: 594 daAuts
  Lair:2: 124 daAuts
  Temple: 26 daAuts
